 Dungeon Crawl Stone Soup version 0.24.0-1-gfbc8707122 (webtiles) character file.

Game seed: 5947225705777272244, levelgen mode: deterministic

2317 Aviak the Magician (level 9, -1/70 HPs)
             Began as a Purple Draconian Conjurer on Oct 26, 2019.
             Was a Believer of Nemelex Xobeh.
             Slain by a hog (10 damage)
             ... on level 7 of the Dungeon.
             The game lasted 00:20:30 (8180 turns).

Aviak the Magician (Purple Draconian Conjurer)      Turns: 8180, Time: 00:20:30

Health: -1/70      AC: 10    Str: 10    XL:     9   Next: 18%
Magic:  18/20      EV: 15    Int: 18    God:    Nemelex Xobeh [**....]
Gold:   535        SH:  0    Dex: 13    Spells: 8/23 levels left

rFire    . . .     SeeInvis .   E - +8 great sword
rCold    . . .     Gourm    .   (shield currently unavailable)
rNeg     + . .     Faith    .   (armour unavailable)
rPois    .         Spirit   .   (helmet restricted)
rElec    .         Reflect  .   j - +0 cloak
rCorr    .         Harm     .   g - +0 pair of gloves
MR       +....                  e - +0 pair of boots
Stlth    +++.......             (no amulet)
HPRegen  0.21/turn              A - ring of stealth
MPRegen  0.17/turn              m - ring of positive energy

@: no status effects
A: breathe power, unfitting armour, cold-blooded, AC +7
a: Breathe Dispelling Energy, Draw Escape, Draw Destruction, Draw Summoning,
Renounce Religion


You were on level 7 of the Dungeon.
You worshipped Nemelex Xobeh.
Nemelex Xobeh was pleased with you.
You were not hungry.

You visited 1 branch of the dungeon, and saw 7 of its levels.
You also visited: Ossuary.

You collected 535 gold pieces.

Inventory:

Hand Weapons
 a - a +0 spear
 z - a +1 dagger of venom
 E - a +8 great sword (weapon)
Armour
 e - a +0 pair of boots (worn)
 g - a +0 pair of gloves (worn)
 j - a +0 cloak (worn)
Jewellery
 m - a ring of positive energy (right hand)
 y - an uncursed ring of attention
 A - a ring of stealth (left hand)
Wands
 D - a wand of scattershot (3)
Scrolls
 d - a scroll of summoning {unknown}
 f - a scroll of enchant weapon
 i - a scroll of identify
 n - a scroll of blinking {unknown}
 o - a scroll of fog {unknown}
 r - 2 scrolls of remove curse
 t - 5 scrolls of teleportation
 x - a scroll of noise {unknown}
 B - a scroll of amnesia {unknown}
Potions
 c - a potion of curing
 k - a potion of flight
 l - 5 potions of heal wounds {unknown}
 p - 7 potions of brilliance
 q - a potion of degeneration {!q!q}
 s - a potion of invisibility
 u - 3 potions of haste {unknown}
 v - a potion of agility
 w - a potion of might {unknown}
Comestibles
 b - 10 rations


   Skills:
 + Level 3.3 Fighting
 - Level 5.3 Dodging
 - Level 1.7 Stealth
 + Level 7.5 Spellcasting
 - Level 7.0 Conjurations
 + Level 6.2 Invocations


You had 8 spell levels left.
You knew the following spells:

 Your Spells              Type           Power        Failure   Level  Hunger
a - Magic Dart            Conj           ####         1%          1    None
b - Searing Ray           Conj           ####..       1%          2    None
c - Iskenderun's Mystic   Conj           ####....     6%          4    ###....
d - Iskenderun's Battles  Conj/Chrm      ###.....     56%         5    #####..
e - Dazzling Spray        Conj/Hex       ###...       8%          3    #......

Your spell library contained the following spells:

 Spells                   Type           Power        Failure   Level  Hunger
 Force Lance              Conj/Tloc      ###.....     24%         4    ###....
 Fulminant Prism          Conj/Hex       ###.......   24%         4    ###....
 Venom Bolt               Conj/Pois      ###.......   56%         5    #####..
 Bolt of Magma            Conj/Fire/Erth ###.......   73%         5    #####..
 Iron Shot                Conj/Erth      ###.......   98%         6    ######.
 Orb of Destruction       Conj           ####......   99%         7    #######
 Spellforged Servitor     Conj/Summ      ###.......   100%        7    #######


Dungeon Overview and Level Annotations

Branches:
Dungeon (7/15)            Ossuary (visited)
 Temple: D:4-7

Altars:
Elyvilon
Gozag
Nemelex Xobeh
Wu Jian
Yredelemnul
The Shining One


Innate Abilities, Weirdness & Mutations

You can breathe bolts of dispelling energy.
Your rich purple scales are hard. (AC +7)
You cannot fit into any form of body armour.
You are cold-blooded and may be slowed by cold attacks.


Message History

Your ynoxinul closely misses the hog.
The searing ray misses the hog.
The hog bites you!
Your ynoxinul gestures.
Really fire at your ufetubus? [Y]es or [N]o only, please.
Really fire at your ufetubus?
Okay, then.
You stop channeling your searing ray.
The hog bites you!
* * * LOW HITPOINT WARNING * * *
The hog bites you but does no damage.
Your ynoxinul hits the hog but does no damage.
Unknown command.
You hit the hog.
The hog is lightly wounded.
Your ufetubus barely misses the hog.
Your ufetubus hits the hog. The hog bites you!
* * * LOW HITPOINT WARNING * * *
Your ufetubus hits the hog. x2; Your ynoxinul hits the hog.
The hog bites you!
You die...
Your body disappears without a glow.

##...#..#..#..#.......
#....#..#####)#...[.[.
#.>.............#.#[##
##.....#....#.#.###).#
####.....#........###..#
#..#....##..#.......#)..
#.....###...#...........
#.....###3.##h...>.#....
##....#@h5.#.......#....
###..###5.........#..#.
#[))###..........##.#
##.....).........#.⌠.
#..............#.##.#
#.......##..)......#.
#.............#......
##.#.........##......
###.........#....##.


You could see a hog, a friendly ynoxinul and 2 friendly ufetubi.

Vanquished Creatures
  A hippogriff (D:6)
  A yak (D:7)
  A hog (D:7)
  A human (D:7)
  2 ice beasts
  2 phantoms
  A centaur (D:5)
  2 bullfrogs (D:7)
  2 wights
  2 howler monkeys
  A crimson imp (D:6)
  3 centaur skeletons
  A hound (D:6)
  A jelly (D:6)
  3 orc priests
  3 orc wizards
  An iguana (D:4)
  2 bullfrog skeletons (D:5)
  3 worker ants
  A hound zombie (D:6)
  4 mummies (Ossuary)
  4 gnolls (D:5)
  10 adders
  2 worms
  4 dart slugs
  4 leopard geckos
  23 orcs
  2 ball pythons
  4 giant cockroaches
  5 hobgoblins
  7 jackals
  A ball python skeleton (D:6)
  8 bats
  9 frilled lizards
  A gnoll zombie (Ossuary)
  8 goblins
  2 hobgoblin zombies (Ossuary)
  4 kobolds
  2 kobold zombies (Ossuary)
  2 orc zombies (Ossuary)
  A quokka skeleton (D:5)
  10 rats
151 creatures vanquished.

Vanquished Creatures (collateral kills)
  A yak (D:7)
  A wight (D:7)
  An orc wizard (D:7)
  A big kobold zombie (Ossuary)
  4 mummies (Ossuary)
8 creatures vanquished.

Grand Total: 159 creatures vanquished

Notes
Turn   | Place    | Note
-------+----------+-------------------------------------------
     0 | D:1      | Aviak the Draconian Conjurer began the quest for the Orb.
     0 | D:1      | Reached XP level 1. HP: 14/14 MP: 3/3
   240 | D:1      | Reached XP level 2. HP: 9/20 MP: 0/5
   585 | D:1      | Learned a level 2 spell: Searing Ray
  1312 | D:1      | Reached XP level 3. HP: 26/26 MP: 6/6
  2466 | D:2      | Reached XP level 4. HP: 33/33 MP: 5/8
  2668 | D:3      | Found a glowing golden altar of the Shining One.
  3333 | D:3      | Reached XP level 5. HP: 38/38 MP: 9/9
  3442 | D:3      | Found a sparkling altar of Nemelex Xobeh.
  3459 | D:3      | Became a worshipper of Nemelex Xobeh the Trickster
  3664 | D:3      | Received a gift from Nemelex Xobeh
  3669 | D:3      | Learned a level 3 spell: Dazzling Spray
  3674 | D:3      | Learned a level 4 spell: Iskenderun's Mystic Blast
  3844 | D:4      | Noticed a phantom
  3870 | D:4      | Killed a phantom
  3870 | D:4      | Reached skill level 5 in Conjurations
  3870 | D:4      | Reached skill level 1 in Invocations
  4092 | D:4      | Reached XP level 6. HP: 39/45 MP: 6/11
  4732 | D:4      | Reached * piety under Nemelex Xobeh
  5091 | D:5      | Entered Level 5 of the Dungeon
  5091 | D:5      | Received a gift from Nemelex Xobeh
  5276 | D:5      | Found a sand-covered staircase.
  5303 | Ossuary  | Entered an ossuary
  5342 | Ossuary  | Noticed an insubstantial wisp
  5350 | Ossuary  | Your scales start taking on a rich purple colour.
  5350 | Ossuary  | Reached XP level 7. HP: 25/50 MP: 1/14
  5559 | Ossuary  | Reached skill level 5 in Spellcasting
  6619 | D:5      | Received a gift from Nemelex Xobeh
  6709 | D:6      | Noticed a hippogriff
  6728 | D:6      | Killed a hippogriff
  6728 | D:6      | Reached XP level 8. HP: 24/57 MP: 6/16
  6781 | D:6      | Noticed Blork the orc
  6787 | D:6      | Noticed Blork
  6787 | D:6      | Blork the orc changed into Blork the adder
  6790 | D:6      | Killed Blork the adder
  6856 | D:6      | Reached ** piety under Nemelex Xobeh
  7036 | D:6      | Reached skill level 5 in Dodging
  7364 | D:6      | Received a gift from Nemelex Xobeh
  7572 | D:7      | Found an ornate altar of the Wu Jian Council.
  7572 | D:7      | Found a white marble altar of Elyvilon.
  7706 | D:7      | Learned a level 5 spell: Iskenderun's Battlesphere
  7722 | D:7      | Reached skill level 5 in Invocations
  7744 | D:7      | Reached skill level 1 in Fighting
  7749 | D:7      | Identified the -1 hand axe "Glorpo" {flame, *Slow rF+
                  | Int+4}
  8019 | D:7      | Found an opulent altar of Gozag.
  8019 | D:7      | Found a basalt altar of Yredelemnul.
  8150 | D:7      | Reached XP level 9. HP: 39/68 MP: 3/19
  8180 | D:7      | Slain by a hog

Levels and vault maps discovered:
D:1:      psy_arrival_radial02, layout_basic, serial_rivers,
          chequers_serial_rivers_micro_b, chequers_serial_rivers_small_b,
          chequers_serial_rivers_micro_b, chequers_serial_rivers_room_a,
          chequers_serial_rivers_room_b, chequers_serial_rivers_micro_d
D:2:      layout_loops_cross
D:3:      layout_basic, nemelex_xobeh_ov_fountains_minmay, lemuel_round_altar,
          kennysheep_pointless_box, kennysheep_generic_room_4
D:4:      layout_basic
D:5:      layout_cave_pools, first_ration, nicolae_ossuary_entry_monument
D:6:      layout_cave_pools, uniq_blork_the_orc
D:7:      layout_cave_pools, chequers_temple_overflow_statue_of_worship,
          gammafunk_temple_overflow_wave, minmay_temple_entry_nine_rooms,
          serial_park, serial_park_square1 [serial_park_minivault_5x5_3],
          grunt_livestock, grunt_decor_one_mirror

Skill      XL: |  1  2  3  4  5  6  7  8  9 |
---------------+----------------------------+-----
Dodging        | 2 3 4 5 |  5.3
Spellcasting   | 3 4 5 7 |  7.5
Conjurations   | 5 6 7 |  7.0
Invocations    | 1 2 3 5 6 |  6.2
Fighting       | 2 3 |  3.3
Stealth        | |  1.7

Action                   |  1- 3 |  4- 6 |  7- 9 || total
-------------------------+-------+-------+-------++-------
Melee: Spear             |   144 |   138 |   101 ||   383
       Unarmed           |    12 |       |       ||    12
       Tailslap          |     7 |    13 |    18 ||    38
       Dagger            |       |       |    59 ||    59
       Great sword       |       |       |    19 ||    19
 Cast: Magic Dart        |    15 |     5 |     3 ||    23
       Searing Ray       |     2 |    20 |    27 ||    49
       Dazzling Spray    |       |     4 |     7 ||    11
       Iskenderun's Myst |       |       |     2 ||     2
 Abil: Draw Summoning    |       |     2 |     2 ||     4
       Draw Destruction  |       |     1 |     4 ||     5
       Breathe Dispellin |       |       |     5 ||     5
       Draw Escape       |       |       |     1 ||     1
  Use: Potion            |       |       |     6 ||     6
       Scroll            |       |       |    10 ||    10
 Stab: Sleeping          |     6 |     5 |       ||    11
       Invisible         |       |       |     2 ||     2
  Eat: Chunk             |     5 |    10 |     5 ||    20
       Ration            |       |       |     2 ||     2
Armor: Skin              |    61 |    49 |    83 ||   193
Dodge: Dodged            |   126 |    99 |   172 ||   397
       Rpst.: Great sword |       |       |     4 ||     4
